 Dungeon Crawl Stone Soup version 0.22-a0-265-g0d8bc90 (webtiles) character file.

60 Deeps the Sneak (level 4, 0/30 HPs)
             Began as an Octopode Assassin on Mar 7, 2018.
             Slain by an iron imp (6 damage)
             ... summoned by Natasha
             ... on level 2 of the Dungeon.
             The game lasted 00:01:04 (1432 turns).

Deeps the Sneak (Octopode Assassin)                 Turns: 1432, Time: 00:01:06

Health: 0/30       AC:  1    Str: 10    XL:     4   Next: 4%
Magic:  4/4        EV: 13    Int: 13    God:
Gold:   55         SH:  0    Dex: 14    Spells: 3/3 levels left

rFire    . . .     SeeInvis .   a - +2 dagger
rCold    . . .     Gourm    .   (no shield)
rNeg     + . .     Faith    .   (helmet restricted)
rPois    .         Spirit   .   (no amulet)
rElec    .         Reflect  .   k - ring of positive energy
rCorr    .         Harm     .   (no ring)
MR       .....                  (no ring)
Stlth    ++++......             (no ring)
HPRegen  0.10/turn              (no ring)
MPRegen  0.09/turn              (no ring)
                                (no ring)
                                (no ring)

@: slowed, very slow
A: almost no armour, stealthy swim, amphibious, 8 rings, constrict 8, camouflage
1, gelatinous body 1
a: no special abilities


You were on level 2 of the Dungeon.
You were hungry.

You visited 1 branch of the dungeon, and saw 2 of its levels.

You collected 55 gold pieces.

Inventory:

Hand Weapons
 a - a +2 dagger (weapon)
 b - a +0 blowgun
Missiles
 c - 8 poisoned needles
 d - 2 curare-tipped needles
 i - 4 needles of confusion
Jewellery
 k - a ring of positive energy (left tentacle)
Scrolls
 e - a scroll of identify {unknown}
 g - 2 scrolls of remove curse {unknown}
 h - a scroll of noise {unknown}
 l - a scroll of amnesia {unknown}
 n - 2 scrolls of teleportation {unknown}
Potions
 j - a potion of agility {unknown}
 m - a potion of magic {unknown}
Comestibles
 f - 5 rations


   Skills:
 + Level 2.3 Fighting
 + Level 2.3 Short Blades
 + Level 2.3 Throwing
 + Level 1.4 Dodging
 + Level 6.6 Stealth


You had 3 spell levels left.
You didn't know any spells.

Dungeon Overview and Level Annotations

Branches:
Dungeon (2/15)

Altars:

Annotations:
D:2 Natasha


Innate Abilities, Weirdness & Mutations

You cannot wear most types of armour.
You are very stealthy in the water. (Stealth+)
You are amphibious.
You can wear up to eight rings at the same time.
You can use your tentacles to constrict eight enemies at once.
Your skin changes colour to match your surroundings (Stealth+).
Your rubbery body absorbs attacks. (AC +1, EV +1)


Message History

The crimson imp blinks!
The iron imp hits you.
Natasha stares at you and mumbles some strange words.
You feel yourself slow down.
You are too injured to fight recklessly!
You are too injured to fight recklessly!
You are too injured to fight recklessly!
You are too injured to fight recklessly!
There are monsters nearby!
There are monsters nearby!
Unknown command.
You are too injured to fight recklessly!
Unknown command.
You hit Natasha. Your grab misses Natasha.
Natasha is moderately wounded.
You constrict the iron imp. The crimson imp hits you.
* * * LOW HITPOINT WARNING * * *
Natasha claws you.
* * * LOW HITPOINT WARNING * * *
The iron imp hits you.
You die...

# # #. #. # .## #. ..#
#.### #.# ...# #.#
####.#########.######..
#...........$†5@5.....#
#.##..###.####.#h####..
##.##..###.# #.#§#
...........## #.#.#
..................#
.#.#†(..#...#######
....†...#...#
.#.#..........
.#.#..........


You could see an iron imp, Natasha and a crimson imp.

Vanquished Creatures
  A worker ant (D:2)
  A dart slug (D:1)
  2 leopard geckos
  8 goblins
  3 hobgoblins (D:1)
  2 jackals (D:2)
  6 bats
  3 frilled lizards (D:1)
  4 kobolds
  2 rats (D:2)
32 creatures vanquished.

Notes
Turn   | Place    | Note
-------+----------+-------------------------------------------
     0 | D:1      | Deeps the Octopode Assassin began the quest for the Orb.
     0 | D:1      | Reached XP level 1. HP: 14/14 MP: 1/1
   140 | D:1      | Reached XP level 2. HP: 12/19 MP: 2/2
   651 | D:1      | Reached skill level 6 in Stealth
   667 | D:1      | Reached XP level 3. HP: 1/24 MP: 3/3
  1408 | D:2      | Reached XP level 4. HP: 30/30 MP: 4/4
  1421 | D:2      | Noticed Natasha
  1432 | D:2      | Slain by an iron imp

Vault maps used:
D:1:      minmay_arrival_nine_rooms, minmay_split_cup_small
D:2:      supply_closet_lemuel, roderic_lattice_a, uniq_natasha, uniq_jessica

Skill      XL: |  1  2 |
---------------+-------+-----
Stealth        | 6 |  6.6
Fighting       | |  2.3
Short Blades   | |  2.3
Throwing       | |  2.3
Dodging        | |  1.4

Action                   |  1- 3 |  4- 6 || total
-------------------------+-------+-------++-------
Melee: Dagger            |    50 |     7 ||    57
       Constrict         |    12 |     1 ||    13
       Tentacles         |     6 |     1 ||     7
 Stab: Sleeping          |     9 |       ||     9
  Eat: Chunk             |     1 |       ||     1
Armor: Skin              |     2 |       ||     2
Dodge: Dodged            |    27 |     2 ||    29

Table legend:
 A = Spawn XP
 B = Non-spawn XP
 C = Spawn XP percentage of total XP
 D = Spawn monster count
 E = Non-spawn monster count
 F = Spawn count percentage of total count
 G = Total turns spent on level
                    A         B        C        D         E        F      G
               +---------+---------+-------+---------+---------+-------+---------
         Total |       0 |      86 |   0.0 |       0 |      32 |   0.0 |  1432
               +---------+---------+-------+---------+---------+-------+---------
           D:1 |       0 |      36 |   0.0 |       0 |      20 |   0.0 |  1286
           D:2 |       0 |      50 |   0.0 |       0 |      12 |   0.0 |   146
               +---------+---------+-------+---------+---------+-------+---------
